 Dungeon Crawl Stone Soup version 0.30-a0-757-ga6a79fd877 (webtiles) character file.

Game seed: 12711385666950294565

579 hbarley the Chopper (level 7, 0/60 HPs)
             Began as a Minotaur Fighter on Feb 9, 2023.
             Was a Follower of Uskayaw.
             Succumbed to Edmund's poison
             ... on level 4 of the Dungeon.
             The game lasted 00:08:56 (3610 turns).

hbarley the Chopper (Minotaur Fighter)              Turns: 3610, Time: 00:08:57

Health: 0/60       AC: 15    Str: 20    XL:     7   Next: 13%
Magic:  7/7        EV:  6    Int:  8    God:    Uskayaw [*.....]
Gold:   200        SH:  5    Dex: 12    Spells: 6/6 levels left

rFire   . . .      SeeInvis .    a - +0 war axe
rCold   + . .      Faith    +    c - +0 buckler
rNeg    + . .      Spirit   .    w - +0 plate armour
rPois   +          Reflect  .    (helmet restricted)
rElec   .          Harm     .    r - +0 cloak
rCorr   .          Rampage  .    l - +0 pair of gloves
Will    .....                    (no boots) Stlth
                                 v - amulet of Sin {Faith rPois rC+ rN+ Int+3}
HPRegen 0.30/turn                (no ring)
MPRegen 0.10/turn                (no ring)

@: lethally poisoned (0 -> -23)
A: horns 2, retaliatory headbutt
a: Renounce Religion, Stomp


You were on level 4 of the Dungeon.
You worshipped Uskayaw.
Uskayaw was noncommittal.
You visited 2 branches of the dungeon, and saw 5 of its levels.
You also visited: Sewer.

You collected 200 gold pieces.

Inventory:

Hand Weapons
 a - a +0 war axe (weapon)
Armour
 b - a +0 scale mail
 c - a +0 buckler (worn)
 l - a +0 pair of gloves (worn)
 r - a +0 cloak (worn)
 w - a +0 plate armour (worn)
Jewellery
 v - the amulet of Sin (around neck) {Faith rPois rC+ rN+ Int+3}
   (You found it on level 4 of the Dungeon)

   [amulet of faith]

   It allows you to gain divine favour quickly.
   Int:       It affects your intelligence (+3).
   rC:        It protects you from cold.
   rPois:     It protects you from poison.
   rN:        It protects you from negative energy.
Wands
 s - a wand of flame (25)
Scrolls
 e - a scroll of teleportation {unknown}
 f - a scroll of identify
 i - a scroll of silence {unknown}
 j - a scroll of vulnerability {unknown}
 k - 3 scrolls of poison
 n - a scroll of brand weapon
 o - 4 scrolls of immolation
 p - 3 scrolls of enchant armour {unknown}
 t - a scroll of fear {unknown}
 x - 2 scrolls of fog {unknown}
 y - a scroll of amnesia {unknown}
 B - a scroll of blinking {unknown}
Potions
 d - 2 potions of might
 g - 3 potions of lignification {unknown}
 h - a potion of heal wounds {unknown}
 m - 3 potions of curing {unknown}
 q - a potion of berserk rage {unknown}
 u - 2 potions of brilliance {unknown}
 z - a potion of degeneration {unknown}
 A - a potion of mutation {unknown}
 C - a potion of cancellation {unknown}


   Skills:
 + Level 4.7 Fighting
 + Level 6.1 Axes
 + Level 5.7 Armour
 + Level 1.5 Dodging
 + Level 1.0 Stealth
 + Level 4.7 Shields
 * Level 1.5 Invocations


You had 6 spell levels left.
You didn't know any spells.
Your spell library contained the following spells:

 Spells                   Type           Power      Damage    Failure   Level
 Freeze                   Ice            0%         1d3       100%        1
 Frozen Ramparts          Ice            0%         1d1       100%        3
 Hailstorm                Conj/Ice       0%         3d3       100%        3


Dungeon Overview and Level Annotations

Branches:
Dungeon (4/15)             Temple (1/1) D:4           Sewer (visited)

Altars:
Ashenzari
Elyvilon
Kikubaaqudgha
Makhleb
Nemelex Xobeh
Okawaru
Qazlal
Uskayaw
Vehumet
Xom
Zin
The Shining One

Shops:
D:1 :

Annotations:
D:4 Edmund


Innate Abilities, Weirdness & Mutations

You have a pair of horns on your head.
You reflexively headbutt those who attack you in melee.


Message History

Edmund hits you but does no damage.
You hit Edmund.
Edmund is lightly wounded.
Edmund hits you with a +6 flail of venom.
You hit Edmund. You headbutt Edmund!
Edmund is moderately wounded.
You block Edmund's attack.
Edmund gestures with his flail.
Edmund hits you with a +6 flail of venom.
You barely miss Edmund. Your headbutt misses Edmund.
Edmund is moderately wounded.
Edmund hits you but does no damage.
You hit Edmund but do no damage. Your headbutt misses Edmund.
Edmund is moderately wounded.
Edmund hits you with a +6 flail of venom.
You hit Edmund but do no damage.
Edmund is moderately wounded.
Edmund hits you with a +6 flail of venom.
You hit Edmund but do no damage.
Edmund is moderately wounded.
Edmund hits you with a +6 flail of venom.
You hit Edmund.
Edmund is moderately wounded.
Edmund hits you with a +6 flail of venom!
You are poisoned.
You block Edmund's attack.
You barely miss Edmund.
Edmund is moderately wounded.
You feel very sick.
Edmund hits you with a +6 flail of venom!
* * * LOW HITPOINT WARNING * * *
You are lethally poisoned!
You slash Edmund!
Edmund is heavily wounded.
* * * LOW HITPOINT WARNING * * *
You feel extremely sick. Edmund barely misses you.
You hit Edmund. You headbutt Edmund!
Edmund is severely wounded.
You die...

###### #....#####
#.$....... #..!......
......... #@....... .#
#@.## # ... .#####..#
#.##...
.........###....#
..######........#
###.#....#
#...#..#######
#.####....#........
#..............####
#.....##.###.........#


You could see Edmund.

Vanquished Creatures
  2 bullfrogs (Sewer)
  Ijyb (D:3)
  4 orc wizards
  6 gnolls (D:3)
  10 adders
  4 river rats (Sewer)
  2 worms
  3 dart slugs
  6 orcs
  19 ball pythons
  9 endoplasms
  7 giant cockroaches
  3 goblins
  9 hobgoblins
  2 jackals (D:2)
  8 kobolds
  7 quokkas
  5 bats
  2 frilled lizards
  36 rats
145 creatures vanquished.

Notes
Turn   | Place    | Note
-------+----------+-------------------------------------------
     0 | D:1      | hbarley the Minotaur Fighter began the quest for the Orb.
     0 | D:1      | Reached XP level 1. HP: 19/19 MP: 0/0
   129 | D:1      | Reached XP level 2. HP: 26/27 MP: 1/1
   148 | D:1      | Found Pathronis's Book Boutique.
   405 | D:1      | Found a faded altar of an unknown god.
   853 | D:2      | Reached XP level 3. HP: 33/33 MP: 2/2
   985 | D:2      | Reached skill level 3 in Axes
  1535 | D:2      | Reached XP level 4. HP: 39/40 MP: 3/3
  1832 | D:3      | Reached skill level 4 in Axes
  2045 | D:3      | Found a radiant altar of Vehumet.
  2178 | D:3      | Found a sparkling altar of Nemelex Xobeh.
  2206 | D:3      | Reached XP level 5. HP: 37/46 MP: 4/4
  2354 | D:3      | Noticed Ijyb
  2366 | D:3      | Killed Ijyb
  2596 | D:3      | Reached skill level 5 in Armour
  2687 | D:3      | Reached skill level 1 in Dodging
  2833 | D:3      | Reached XP level 6. HP: 48/52 MP: 5/5
  2913 | D:4      | Reached skill level 5 in Axes
  3004 | D:4      | Found a staircase to the Ecumenical Temple.
  3013 | Temple   | Entered the Ecumenical Temple
  3127 | Temple   | Became a worshipper of Uskayaw the Reveller
  3157 | D:4      | Found a glowing drain.
  3159 | D:4      | Reached * piety under Uskayaw
  3172 | D:4      | Identified the amulet of Sin {Faith rPois rC+ rN+ Int+3}
  3212 | Sewer    | Entered a sewer
  3228 | Sewer    | Reached ** piety under Uskayaw
  3286 | Sewer    | Reached *** piety under Uskayaw
  3288 | Sewer    | Reached **** piety under Uskayaw
  3448 | Sewer    | Reached skill level 1 in Invocations
  3453 | Sewer    | Reached skill level 6 in Axes
  3453 | Sewer    | Reached XP level 7. HP: 45/60 MP: 5/7
  3595 | D:4      | Reached skill level 1 in Stealth
  3597 | D:4      | Noticed Edmund
  3610 | D:4      | Succumbed to Edmund's poison

Illustrated notes

Levels and vault maps discovered:
D:1:      onia_arrival_pentagram, layout_loops_ring,
          ebering_ecumenical_altar_sacrificial, serial_shops,
          nicolae_shop_trees, minmay_door_square
D:2:      layout_loops_corners, minmay_tetromino_i2
D:3:      layout_loops_cross, vehumet_altar_wand_db,
          mainiacjoe_overflow_small_starburst, minmay_ruptured, uniq_ijyb
D:4:      layout_rooms, overflow_temple_1_default,
          minmay_temple_entry_butterflies, portal_sewer_entry_f,
          kennysheep_dice, uniq_edmund
Temple:   hellmonk_temple_beads

Skill      XL: |  1  2  3  4  5  6  7 |
---------------+----------------------+-----
Shields        | 4 |  4.7
Armour         | 4 5 |  5.7
Axes           | 3 4 6 |  6.1
Fighting       | 4 |  4.7
Dodging        | 1 |  1.5
Invocations    | 1 |  1.5
Stealth        | 1 |  1.0

Action                     |  1- 3 |  4- 6 |  7- 9 || total
---------------------------+-------+-------+-------++-------
  Melee: War axe           |    94 |   182 |    20 ||   296
         Headbutt          |    10 |    21 |     5 ||    36
    Use: Scroll            |       |       |     3 ||     3
   Stab: Paralysed         |       |     5 |       ||     5
 Armour: Scale mail        |    42 |    65 |       ||   107
         Plate armour      |       |    81 |     9 ||    90
  Dodge: Dodged            |    58 |    96 |     4 ||   158
  Block: Buckler           |    27 |    47 |     4 ||    78

Table legend: (Time is in decaauts)
 A = Elapsed time spent in this place.
 B = Non-inter-level travel time spent in this place.
 C = Inter-level travel time spent in this place.
 D = Time resting spent in this place.
 E = Time spent auto-exploring this place.
 F = Levels seen in this place.
 G = Mean time per level.
                   A        B        C        D        E       F      G
               +--------+--------+--------+--------+--------+-----+--------+
         Total |   3751 |   3594 |    157 |      2 |   2778 |   6 |  625.2 |
       Dungeon |   3242 |   3124 |    118 |      2 |   2497 |   4 |  810.5 |
        Temple |    139 |    100 |     39 |      0 |     88 |   1 |  139.0 |
         Sewer |    369 |    369 |      0 |      0 |    192 |   1 |  369.0 |
               +--------+--------+--------+--------+--------+-----+--------+

Top non-repeatable levels by time:
     D:3: 1105 daAuts
     D:2: 1014 daAuts
     D:1: 845 daAuts
   Sewer: 369 daAuts
     D:4: 278 daAuts
  Temple: 139 daAuts
